 Dungeon Crawl Stone Soup version 0.23.2-1-ga50397a (webtiles) character file.

Game seed: 15968095656996371914

180 aefrtyi the Chopper (level 5, -1/48 HPs)
             Began as a Minotaur Berserker on June 1, 2019.
             Was a Believer of Trog.
             Slain by Terence
             ... wielding a +0 mace
              (15 damage)
             ... on level 2 of the Dungeon.
             The game lasted 00:05:41 (1923 turns).

aefrtyi the Chopper (Minotaur Berserker)            Turns: 1923, Time: 00:05:41

Health: -1/48      AC:  2    Str: 23    XL:     5   Next: 33%
Magic:  4/4        EV: 12    Int:  4    God:    Trog [**....]
Gold:   39         SH:  0    Dex:  9    Spells: 4/4 levels left

rFire    . . .     SeeInvis .   a - +0 hand axe
rCold    . . .     Gourm    .   (no shield)
rNeg     . . .     Faith    .   b - +0 animal skin
rPois    .         Spirit   .   (helmet restricted)
rElec    .         Reflect  .   (no cloak)
rCorr    .         Harm     .   (no gloves)
MR       .....                  (no boots)
Stlth    +.........             (no amulet)
HPRegen  0.16/turn              (no ring)
MPRegen  0.09/turn              (no ring)

@: no status effects
A: retaliatory headbutt, horns 2
a: Berserk, Trog's Hand, Renounce Religion


You were on level 2 of the Dungeon.
You worshipped Trog.
Trog was pleased with you.
You were not hungry.

You visited 1 branch of the dungeon, and saw 2 of its levels.

You collected 39 gold pieces.

Inventory:

Hand Weapons
 a - a +0 hand axe (weapon)
Armour
 b - a +0 animal skin (worn)
Jewellery
 d - an uncursed ring of ice {unknown}
Wands
 l - a wand of random effects (20)
Scrolls
 e - 2 scrolls of identify {unknown}
 g - 2 scrolls of enchant weapon {unknown}
 h - a scroll of fog {unknown}
 k - a scroll of noise {unknown}
 n - 2 scrolls of teleportation {unknown}
Potions
 f - a potion of flight {unknown}
 i - a potion of mutation {unknown}
 j - a potion of magic {unknown}
 m - 2 potions of lignification {unknown}
Comestibles
 c - 3 rations


   Skills:
 + Level 5.1 Fighting
 + Level 5.1 Axes
 + Level 4.4 Armour
 - Level 2.1 Dodging


You had 4 spell levels left.
You didn't know any spells.
Your spell library was empty.

Dungeon Overview and Level Annotations

Branches:
Dungeon (2/15)

Altars:

Annotations:
D:2 Sigmund, Terence


Innate Abilities, Weirdness & Mutations

You reflexively headbutt those who attack you in melee.
You have a pair of horns on your head.


Message History

Sigmund the Dreaded comes into view.
He is wielding a +0 scythe.
Sigmund shouts!
You hear a shout!
The bat closely misses you.
Sigmund moves out of view.
The bat closely misses you. You furiously retaliate!
You headbutt the bat!
You kill the bat!
Trog accepts your kill.
Terence the Incautious comes into view.
He is wielding a +0 mace and wearing a +1 scale mail of poison resistance.
Sigmund hits you with a +0 scythe!
You see here a bat corpse.
You hit Sigmund but do no damage. Terence hits you with a +0 mace!
Sigmund hits you with a +0 scythe!
Found a stone staircase leading down.
You hit Sigmund but do no damage. You hit Terence but do no damage.
Terence drinks a potion.
Terence seems to grow stronger.
You hit Sigmund.
Sigmund is lightly wounded.
You closely miss Terence. Sigmund hits you with a +0 scythe.
* * * LOW HITPOINT WARNING * * *
Terence hits you with a +0 mace!
You die...

##########
####.........#
#########.. #### ###
##...## ##.....##
###########
#.......#####.......)..
#.............########.
#.....@†########.......
##....@## #............
#.....@.>..####.######
#.......##### #..#
#.......# #.##
#.......# ###.#
##.....## #...#
##...#######.#########
#### #...............
################


You could see Sigmund and Terence.

Vanquished Creatures
  Jessica (D:2)
  Natasha (thrice) (D:2)
  4 adders (D:2)
  A worm (D:2)
  2 leopard geckos (D:1)
  3 giant cockroaches
  5 goblins
  A hobgoblin (D:2)
  8 bats
  8 frilled lizards (D:1)
  7 kobolds
  4 rats
47 creatures vanquished.

Notes
Turn   | Place    | Note
-------+----------+-------------------------------------------
     0 | D:1      | aefrtyi the Minotaur Berserker began the quest for the Orb.
     0 | D:1      | Reached XP level 1. HP: 19/19 MP: 0/0
   179 | D:1      | Reached XP level 2. HP: 22/27 MP: 1/1
   974 | D:2      | Noticed Jessica
   983 | D:2      | Killed Jessica
   983 | D:2      | Reached XP level 3. HP: 18/34 MP: 2/2
  1166 | D:2      | Reached ** piety under Trog
  1208 | D:2      | Noticed Natasha
  1217 | D:2      | Killed Natasha
  1217 | D:2      | Reached XP level 4. HP: 31/41 MP: 3/3
  1380 | D:2      | Noticed Natasha
  1401 | D:2      | Killed Natasha
  1401 | D:2      | Reached skill level 5 in Axes
  1401 | D:2      | Reached XP level 5. HP: 32/47 MP: 4/4
  1530 | D:2      | Noticed Natasha
  1536 | D:2      | Killed Natasha
  1536 | D:2      | Reached skill level 5 in Fighting
  1917 | D:2      | Noticed Sigmund
  1918 | D:2      | Noticed Terence
  1923 | D:2      | Slain by Terence

Skill      XL: |  1  2  3  4  5 |
---------------+----------------+-----
Axes           | 4 5 |  5.1
Fighting       | 4 5 |  5.1
Armour         | 3 4 |  4.4
Dodging        | |  2.1

Action                   |  1- 3 |  4- 6 || total
-------------------------+-------+-------++-------
Melee: Hand axe          |    70 |    41 ||   111
       Headbutt          |    11 |     4 ||    15
 Stab: Sleeping          |       |     1 ||     1
  Eat: Chunk             |     1 |     2 ||     3
Armor: Animal skin       |    20 |     5 ||    25
Dodge: Dodged            |    52 |    20 ||    72
